 Dungeon Crawl Stone Soup version 0.30.0-30-g96aa6591b8 (webtiles) character file.

Game seed: 8591930909281259521

50 rj54x the Chopper (level 3, -2/33 HPs)
             Began as a Hill Orc Berserker on June 30, 2023.
             Was a Believer of Trog.
             Killed by divine providence
             ... invoked by an orc priest
              (9 damage)
             ... on level 3 of the Dungeon.
             The game lasted 00:09:43 (1290 turns).

rj54x the Chopper (Hill Orc Berserker)              Turns: 1290, Time: 00:09:44

Health: -2/33      AC:  6    Str: 21    XL:     3   Next: 79%
Magic:  0/3        EV: 11    Int:  7    God:    Trog [**....]
Gold:   53         SH:  0    Dex: 10    Spells: 2/2 levels left

rFire   . . .        a - +0 hand axe
rCold   . . .        (no shield)
rNeg    . . .        h - +0 ring mail
rPois   .            o - +0 helmet
rElec   .            (no cloak)
rCorr   .            (no gloves)
SInv    .            (no boots)
Will    .....        f - amulet of guardian spirit Stlth
                     (no ring)
HPRegen 0.25/turn    (no ring)
MPRegen 0.08/turn

%: guardian spirit
@: no status effects
A: no striking features
a: Renounce Religion, Convert to Beogh, Berserk, Trog's Hand


You were on level 3 of the Dungeon.
You worshipped Trog.
Trog was pleased with you.
You visited 1 branch of the dungeon, and saw 3 of its levels.

You collected 53 gold pieces.

Inventory:

Hand Weapons
 a - a +0 hand axe (weapon)
 k - a +0 halberd
Missiles
 c - 28 stones (quivered)
Armour
 b - a +0 animal skin
 h - a +0 ring mail (worn)
 o - a +0 helmet (worn)
Jewellery
 f - an amulet of guardian spirit (around neck)
Scrolls
 i - a scroll of teleportation {unknown}
 j - a scroll of identify {unknown}
 l - a scroll of magic mapping {unknown}
Potions
 d - a potion of lignification {unknown}
 e - a potion of attraction {unknown}
 g - a potion of might {unknown}
 m - a potion of ambrosia {unknown}
 n - a potion of haste {unknown}
 p - a potion of curing {unknown}


   Skills:
 - Level 3.7 Fighting
 + Level 6.0 Axes
 - Level 2.2 Armour
 - Level 1.6 Dodging


You had 2 spell levels left.
You didn't know any spells.
Your spell library was empty.

Dungeon Overview and Level Annotations

Branches:
Dungeon (3/15)

Altars:
Gozag


Message History

The orc barely misses you. x2
The orc priest casts a cantrip, but nothing happens.
The hobgoblin attacks as you move away! The hobgoblin misses you.
You hit the hobgoblin but do no damage.
The hobgoblin is heavily wounded.
The hobgoblin closely misses you.
The hobgoblin hits you but does no damage.
The orc barely misses you. The orc closely misses you.
The hobgoblin attacks as you move away! The hobgoblin closely misses you.
The endoplasm freezes you.
You are frozen.
The hobgoblin barely misses you. The endoplasm freezes you.
You are frozen.
The hobgoblin attacks as you move away! The hobgoblin misses you.
The orc closely misses you. The endoplasm hits you.
* * * LOW HITPOINT WARNING * * *
The hobgoblin attacks as you move away! The hobgoblin barely misses you.
The hobgoblin attacks as you move away! The hobgoblin hits you.
* * * LOW HITPOINT WARNING * * *
The hobgoblin attacks as you move away!
The hobgoblin hits you but does no damage.
The hobgoblin attacks as you move away! The hobgoblin hits you.
* * * LOW HITPOINT WARNING * * *
The hobgoblin hits you.
* * * LOW HITPOINT WARNING * * *
There is an open door here.
Things that are here:
a +0 dagger; a kobold corpse The hobgoblin attacks as you move away!
The hobgoblin hits you but does no damage.
The hobgoblin attacks as you move away! The hobgoblin closely misses you.
The hobgoblin attacks as you move away! The hobgoblin barely misses you.
The hobgoblin attacks as you move away! The hobgoblin misses you.
The hobgoblin attacks as you move away! The hobgoblin barely misses you.
The orc attacks as you move away! The orc hits you but does no damage.
The orc priest calls down the wrath of Beogh upon you.
Beogh smites you!
You die...

#...........#.#.###.# #
###....)....#.#.# ..# #
#............#.#.# )..#
........o.....#.#.# ##..
##............#.#.# ##
####....J....#.#.#######
#...oo....#.#.......#
#....g....#.........#
#....@......#########
#...........#
###...!.....#
#.........# #..†......#
#..)......#
#............
...........##..
.............# ..


You could see an orc priest, 2 orcs, an endoplasm and a hobgoblin.

Vanquished Creatures
  A worm (D:2)
  A dart slug (D:2)
  An orc (D:3)
  2 ball pythons
  7 bats
  3 endoplasms (D:2)
  2 giant cockroaches
  3 goblins
  8 jackals (D:2)
  5 kobolds
  2 frilled lizards
  3 rats
38 creatures vanquished.

Notes
Turn   | Place    | Note
-------+----------+-------------------------------------------
     0 | D:1      | rj54x the Hill Orc Berserker began the quest for the Orb.
     0 | D:1      | Reached XP level 1. HP: 19/19 MP: 1/1
   515 | D:2      | Reached XP level 2. HP: 27/27 MP: 2/2
   583 | D:2      | Reached skill level 5 in Axes
   680 | D:2      | Reached XP level 3. HP: 29/33 MP: 3/3
   713 | D:2      | Reached ** piety under Trog
  1237 | D:3      | Found an opulent altar of Gozag.
  1247 | D:3      | Reached skill level 6 in Axes
  1290 | D:3      | Killed from afar by an orc priest

Illustrated notes

Levels and vault maps discovered:
D:1:      dpeg_arrival_rooms_with_view, layout_rooms,
          hangedman_decor_peaks_small
D:2:      layout_basic
D:3:      cheibrodos_helix_gallery, layout_basic, overflow_temple_1_default

Skill      XL: |  1  2  3 |
---------------+----------+-----
Axes           | 5 6 |  6.0
Fighting       | |  3.7
Armour         | |  2.2
Dodging        | |  1.6

Action                     || total
---------------------------++-------
  Melee: Hand axe          ||   148
         Punch             ||     1
 Armour: Ring mail         ||    84
         Animal skin       ||     2
  Dodge: Dodged            ||   164
